AAA
ALLENTOWN A'S @ FORT WAYNE HERONS
05/10/2060
 
TOP OF THE 1ST
Allentown A's batting - Pitching for Fort Wayne Herons : LHP Langdon Bica
Pitching: LHP Langdon Bica
Batting: LHB Gavin Tucker 0-0: Ball
1-0: Ball
2-0: Foul Ball, location: 2F
2-1: Foul Ball, location: 2F
2-2: SINGLE (Line Drive, 56, EV 103.1 MPH)
Batting: LHB Cole Marshall 0-0: Ball
1-0: Called Strike
1-1: Ball
Balk!
Gavin Tucker to second
2-1: Swinging Strike
2-2: Foul Ball, location: 2F
2-2: Ball
3-2: Base on Balls
Batting: RHB Logan Barbee 0-0: Ball
1-0: Ball
2-0: Foul Ball, location: 2F
2-1: Grounds into double play, 6-4-3 (Groundball, 6, EV 100.0 MPH)
Gavin Tucker to third
Batting: SHB Gage Wilson 0-0: Called Strike
0-1: Called Strike
0-2: Foul Ball, location: 2F
0-2: Ball
1-2: Strikes out looking
Top of the 1st over - 0 runs, 1 hit, 0 errors, 1 left on base; Allentown 0 - Fort Wayne 0
BOTTOM OF THE 1ST
Fort Wayne Herons batting - Pitching for Allentown A's : RHP Oscar Page
Pitching: RHP Oscar Page
Batting: SHB James Little 0-0: Ball
1-0: Called Strike
1-1: Swinging Strike
1-2: Ball
2-2: Strikes out swinging
Batting: RHB Shayne Hall 0-0: Called Strike
0-1: Ball
1-1: Foul Ball, location: 2F
1-2: Ball
2-2: Foul Ball, location: 2F
2-2: SINGLE (Line Drive, 6D, EV 95.0 MPH)
Batting: LHB R.J. Paolini 0-0: Called Strike
0-1: Foul Ball, location: 2F
0-2: Foul Ball, location: 2F
0-2: Fly out, F8 (Flyball, 8RD, EV 93.1 MPH)
Batting: RHB Johnny Jackson 0-0: Foul Ball, location: 2F
0-1: Foul Ball, location: 2F
0-2: SINGLE (Groundball, 56D, EV 106.2 MPH)
Shayne Hall to second
Batting: LHB Ivan Zimmerman 0-0: Called Strike
0-1: Foul Ball, location: 2F
0-2: Ball
1-2: Foul Ball, location: 2F
1-2: Ball
2-2: SINGLE (Line Drive, 9S, EV 88.1 MPH)
Shayne Hall to third
Johnny Jackson to second
Batting: RHB Brad Rahl 0-0: Called Strike
0-1: Ball
1-1: Ball
2-1: Ball
3-1: Fly out, F3 (Popup, 34, EV 66.2 MPH)
Bottom of the 1st over - 0 runs, 3 hits, 0 errors, 3 left on base; Allentown 0 - Fort Wayne 0
TOP OF THE 2ND
Allentown A's batting - Pitching for Fort Wayne Herons : LHP Langdon Bica
Batting: RHB John Jones 0-0: Called Strike
0-1: Called Strike
0-2: Foul Ball, location: 2F
0-2: Ball
1-2: Ball
2-2: Foul Ball, location: 2F
2-2: Strikes out looking
Batting: RHB David McCullough 0-0: Foul Ball, location: 2F
0-1: Ball
1-1: Ground out 4-3 (Groundball, 4, EV 84.4 MPH)
Batting: LHB Beau Jindrisek 0-0: Ball
1-0: Ball
2-0: Foul Ball, location: 2F
2-1: Ball
3-1: Fly out, F9 (Flyball, 9LM, EV 111.9 MPH)
Top of the 2nd over - 0 runs, 0 hits, 0 errors, 0 left on base; Allentown 0 - Fort Wayne 0
BOTTOM OF THE 2ND
Fort Wayne Herons batting - Pitching for Allentown A's : RHP Oscar Page
Batting: RHB Isiah Mahoney 0-0: Called Strike
0-1: Ball
1-1: Foul Ball, location: 2F
1-2: SINGLE (Groundball, 6MD, EV 100.0 MPH)
Batting: RHB Jessie Himes 0-0: Ball
1-0: Grounds into double play, 5-4-3 (Groundball, 56, EV 104.4 MPH)
Batting: RHB Cristian Osborne 0-0: Ball
1-0: SINGLE (Groundball, 6M, EV 100.6 MPH) (infield hit)
Batting: SHB James Little 0-0: Called Strike
0-1: Called Strike
0-2: Ball
1-2: Strikes out swinging
Bottom of the 2nd over - 0 runs, 2 hits, 0 errors, 1 left on base; Allentown 0 - Fort Wayne 0
TOP OF THE 3RD
Allentown A's batting - Pitching for Fort Wayne Herons : LHP Langdon Bica
Batting: RHB Freeman Chavez 0-0: Ball
1-0: Ball
2-0: Swinging Strike
2-1: Foul Ball, location: 2F
2-2: Foul Ball, location: 2F
2-2: SINGLE (Line Drive, 9S, EV 105.6 MPH)
Batting: LHB Rufus Cartellieri 0-0: Called Strike
0-1: Called Strike
0-2: SINGLE (Line Drive, 7LM, EV 105.6 MPH)
Freeman Chavez to second
Batting: LHB Gavin Tucker 0-0: Called Strike
0-1: Fly out, F6 (Popup, 6M, EV 54.4 MPH)
Batting: LHB Cole Marshall 0-0: Grounds into double play, 6-4-3 (Groundball, 6M, EV 103.1 MPH)
Top of the 3rd over - 0 runs, 2 hits, 0 errors, 1 left on base; Allentown 0 - Fort Wayne 0
BOTTOM OF THE 3RD
Fort Wayne Herons batting - Pitching for Allentown A's : RHP Oscar Page
Batting: RHB Shayne Hall 0-0: Called Strike
0-1: DOUBLE (Groundball, 5L, EV 103.8 MPH)
Batting: LHB R.J. Paolini 0-0: DOUBLE (Groundball, 5L, EV 96.2 MPH)
Shayne Hall scores
Batting: RHB Johnny Jackson 0-0: Foul Ball, location: 2F
0-1: Ball
1-1: Ground out 6-3 (Groundball, 6, EV 80.0 MPH)
R.J. Paolini to third
Batting: LHB Ivan Zimmerman 0-0: Foul Ball, location: 2F
0-1: Ball
1-1: Called Strike
1-2: Strikes out swinging
Batting: RHB Brad Rahl 0-0: Ball
1-0: Ball
2-0: Swinging Strike
2-1: Foul Ball, location: 2F
2-2: Foul Ball, location: 2F
2-2: Ball
3-2: Strikes out looking
Bottom of the 3rd over - 1 run, 2 hits, 0 errors, 1 left on base; Allentown 0 - Fort Wayne 1
TOP OF THE 4TH
Allentown A's batting - Pitching for Fort Wayne Herons : LHP Langdon Bica
Batting: RHB Logan Barbee 0-0: Reached on error, E3 (Groundball, 23, EV 83.8 MPH)
Batting: SHB Gage Wilson 0-0: Ball
1-0: Ball
2-0: Ball
3-0: Called Strike
3-1: Base on Balls
Logan Barbee to second
Batting: RHB John Jones 0-0: Foul Ball, location: 2F
0-1: Swinging Strike
0-2: Strikes out looking
Batting: RHB David McCullough 0-0: Called Strike
0-1: Called Strike
0-2: Strikes out swinging
Batting: LHB Beau Jindrisek 0-0: Called Strike
0-1: Ball
1-1: Ground out 4-3 (Groundball, 4D, EV 85.0 MPH)
Top of the 4th over - 0 runs, 0 hits, 1 error, 2 left on base; Allentown 0 - Fort Wayne 1
BOTTOM OF THE 4TH
Fort Wayne Herons batting - Pitching for Allentown A's : RHP Oscar Page
Batting: RHB Isiah Mahoney 0-0: Swinging Strike
0-1: Ground out 3-1 (Groundball, 34S, EV 85.0 MPH)
Batting: RHB Jessie Himes 0-0: Swinging Strike
0-1: Ball
1-1: Called Strike
1-2: Foul Ball, location: 2F
1-2: Ground out U3 (Groundball, 3S, EV 93.1 MPH)
Batting: RHB Cristian Osborne 0-0: Ball
1-0: Called Strike
1-1: Ball
2-1: Foul Ball, location: 2F
2-2: Ground out 5-3 (Groundball, 56, EV 88.1 MPH)
Bottom of the 4th over - 0 runs, 0 hits, 0 errors, 0 left on base; Allentown 0 - Fort Wayne 1
TOP OF THE 5TH
Allentown A's batting - Pitching for Fort Wayne Herons : LHP Langdon Bica
Batting: RHB Freeman Chavez 0-0: Foul Ball, location: 2F
0-1: Ball
1-1: Foul Ball, location: 2F
1-2: Ball
2-2: Foul Ball, location: 2F
2-2: Ball
3-2: SINGLE (Groundball, 6D, EV 94.4 MPH)
Batting: LHB Rufus Cartellieri 0-0: Sac Bunt to 25 - play at first, batter OUT! 5-3
Freeman Chavez to second
Batting: LHB Gavin Tucker 0-0: Ball
1-0: SINGLE (Groundball, 15S, EV 71.9 MPH) (infield hit)
Freeman Chavez to third
Batting: LHB Cole Marshall 0-0: Foul Ball, location: 2F
0-1: Ball
1-1: Swinging Strike
1-2: Ball
2-2: SINGLE (Groundball, 34D, EV 109.4 MPH)
Freeman Chavez scores
Gavin Tucker to second
Runner from 2nd tries for 3rd, SAFE, throw by RF made to third
Cole Marshall to second
Batting: RHB Logan Barbee 0-0: Ball
1-0: Foul Ball, location: 2F
1-1: Foul Ball, location: 2F
1-2: Strikes out looking
Batting: SHB Gage Wilson 0-0: Ball
1-0: Ball
2-0: Ball
3-0: Foul Ball, location: 2F
3-1: Foul Ball, location: 2F
3-2: Strikes out swinging
Top of the 5th over - 1 run, 3 hits, 0 errors, 2 left on base; Allentown 1 - Fort Wayne 1
BOTTOM OF THE 5TH
Fort Wayne Herons batting - Pitching for Allentown A's : RHP Oscar Page
Batting: SHB James Little 0-0: Ball
1-0: Foul Ball, location: 2F
1-1: Ball
2-1: Foul Ball, location: 2F
2-2: DOUBLE (Line Drive, 78D, EV 106.2 MPH)
Batting: RHB Shayne Hall 0-0: Called Strike
0-1: Foul Ball, location: 2F
0-2: Ball
1-2: Ground out 6-3 (Groundball, 6, EV 86.2 MPH)
James Little to third
Batting: LHB R.J. Paolini 0-0: Ball
1-0: Foul Ball, location: 2F
1-1: Foul Ball, location: 2F
1-2: Ball
2-2: Strikes out swinging
Pitching: LHP George Turner
Batting: RHB Johnny Jackson 0-0: SINGLE (Groundball, 56D, EV 104.4 MPH)
James Little scores
Batting: LHB Ivan Zimmerman 0-0: Foul Ball, location: 2F
0-1: Called Strike
0-2: Strikes out swinging
Bottom of the 5th over - 1 run, 2 hits, 0 errors, 1 left on base; Allentown 1 - Fort Wayne 2
TOP OF THE 6TH
Allentown A's batting - Pitching for Fort Wayne Herons : LHP Langdon Bica
Pitching: LHP Adrian Moore
Batting: RHB John Jones 0-0: Ball
1-0: Ball
2-0: Fly out, F8 (Flyball, 8RXD, EV 87.5 MPH)
Batting: RHB David McCullough 0-0: Ball
1-0: Ball
2-0: Called Strike
2-1: Ground out 6-3 (Groundball, 6M, EV 98.1 MPH)
Batting: LHB Beau Jindrisek 0-0: Called Strike
0-1: Ball
1-1: Called Strike
1-2: Strikes out looking
Top of the 6th over - 0 runs, 0 hits, 0 errors, 0 left on base; Allentown 1 - Fort Wayne 2
BOTTOM OF THE 6TH
Fort Wayne Herons batting - Pitching for Allentown A's : LHP George Turner
Batting: RHB Brad Rahl 0-0: SINGLE (Line Drive, 8LS, EV 105.0 MPH)
Batting: RHB Isiah Mahoney 0-0: Foul Ball, location: 2F
0-1: Called Strike
0-2: Ball
1-2: Ball
2-2: Foul Ball, location: 2F
2-2: Fly out, F7 (Line Drive, 7LM, EV 109.4 MPH)
Batting: RHB Jessie Himes 0-0: Called Strike
0-1: Foul Ball, location: 2F
0-2: Ball
1-2: Ball
2-2: Foul Ball, location: 2F
2-2: Ball
3-2: Foul Ball, location: 2F
3-2: Base on Balls
Brad Rahl to second
Batting: RHB Cristian Osborne 0-0: Called Strike
0-1: SINGLE (Groundball, 4M, EV 98.1 MPH) (infield hit)
Brad Rahl to third
Jessie Himes to second
Batting: SHB James Little 0-0: Called Strike
0-1: Grounds into fielders choice 4-2 (Groundball, 4S, EV 65.0 MPH)
Jessie Himes to third
Cristian Osborne to second
Batting: RHB Shayne Hall 0-0: Called Strike
0-1: Ball
1-1: Called Strike
1-2: SINGLE (Groundball, 6MD, EV 96.9 MPH)
Jessie Himes scores
Cristian Osborne to third
James Little to second
Runner from 3rd tries for Home, SAFE, throw by CF to home
Batting: LHB R.J. Paolini 0-0: Called Strike
0-1: Called Strike
0-2: Ball
1-2: Fly out, F9 (Flyball, 9LSF, EV 95.0 MPH)
Bottom of the 6th over - 2 runs, 3 hits, 0 errors, 2 left on base; Allentown 1 - Fort Wayne 4
TOP OF THE 7TH
Allentown A's batting - Pitching for Fort Wayne Herons : LHP Adrian Moore
Batting: RHB Freeman Chavez 0-0: Ball
1-0: Swinging Strike
1-1: Foul Ball, location: 2F
1-2: Strikes out swinging
Batting: LHB Rufus Cartellieri 0-0: Ball
1-0: Ground out U3 (Groundball, 34, EV 81.2 MPH)
Batting: LHB Gavin Tucker 0-0: Foul Ball, location: 2F
0-1: SINGLE (Flyball, 4MD, EV 86.2 MPH)
Batting: LHB Cole Marshall 0-0: Foul Ball, location: 2F
0-1: Ball
1-1: Ball
2-1: Ball
3-1: SINGLE (Groundball, 25, EV 85.0 MPH) (infield hit)
Gavin Tucker to second
Batting: RHB Logan Barbee 0-0: Ball
1-0: Foul Ball, location: 2F
1-1: Ball
2-1: Foul Ball, location: 2F
2-2: Foul Ball, location: 2F
2-2: Foul Ball, location: 2F
2-2: Ground out 6-3 (Groundball, 6MS, EV 76.9 MPH)
Top of the 7th over - 0 runs, 2 hits, 0 errors, 2 left on base; Allentown 1 - Fort Wayne 4
BOTTOM OF THE 7TH
Fort Wayne Herons batting - Pitching for Allentown A's : LHP George Turner
Batting: RHB Johnny Jackson 0-0: Called Strike
0-1: Ball
1-1: Foul Ball, location: 2F
1-2: Ball
2-2: Hit by Pitch
Batting: LHB Ivan Zimmerman 0-0: Foul Ball, location: 2F
0-1: Ball
1-1: Fly out, F8 (Flyball, 8RS, EV 93.1 MPH)
Batting: RHB Brad Rahl 0-0: Ball
1-0: Swinging Strike
1-1: Ball
2-1: Foul Ball, location: 2F
2-2: Ball
3-2: Grounds into double play, 6-4-3 (Groundball, 6, EV 78.8 MPH)
Bottom of the 7th over - 0 runs, 0 hits, 0 errors, 0 left on base; Allentown 1 - Fort Wayne 4
TOP OF THE 8TH
Allentown A's batting - Pitching for Fort Wayne Herons : LHP Adrian Moore
Now in LF: Cristian Osborne
Now in RF: Sean Gallina
Batting: SHB Gage Wilson 0-0: Called Strike
0-1: Ball
1-1: Called Strike
1-2: Ball
2-2: SINGLE (Groundball, P, EV 89.4 MPH) (infield hit)
Pitching: RHP Jonathon Wideman
Batting: RHB John Jones 0-0: Swinging Strike
0-1: Foul Ball, location: 2F
0-2: SINGLE (Line Drive, 7S, EV 109.4 MPH)
Gage Wilson to second
Pinch Hitting: LHB Spencer Murdock 0-0: Called Strike
0-1: Ball
1-1: Swinging Strike
1-2: Ball
2-2: Ball
3-2: SINGLE (Flyball, 6D, EV 88.8 MPH)
Gage Wilson to third
John Jones to second
Batting: LHB Beau Jindrisek 0-0: Foul Ball, location: 2F
0-1: Ball
1-1: Ball
2-1: Foul Ball, location: 2F
2-2: SINGLE (Groundball, 4MD, EV 101.9 MPH)
Gage Wilson scores
John Jones to third
Spencer Murdock to second
Pinch Hitting: LHB Preston Capps 0-0: TRIPLE (Flyball, 8RXD, EV 92.5 MPH)
John Jones scores
Spencer Murdock scores
Beau Jindrisek scores
Batting: LHB Rufus Cartellieri 0-0: Ground out U3 (Groundball, 34S, EV 91.2 MPH)
Batting: LHB Gavin Tucker 0-0: Ball
1-0: Called Strike
1-1: Foul Ball, location: 2F
1-2: Strikes out swinging
Batting: LHB Cole Marshall 0-0: Ball
1-0: Swinging Strike
1-1: Foul Ball, location: 2F
1-2: Ball
2-2: Ground out U3 (Groundball, 3, EV 102.5 MPH)
Top of the 8th over - 4 runs, 5 hits, 0 errors, 1 left on base; Allentown 5 - Fort Wayne 4
BOTTOM OF THE 8TH
Fort Wayne Herons batting - Pitching for Allentown A's : LHP George Turner
Now at 1B: Beau Jindrisek
Now at 3B: Preston Capps
Now in RF: Spencer Murdock
Batting: RHB Isiah Mahoney 0-0: Ball
1-0: Ball
2-0: Ground out 4-3 (Groundball, 4, EV 85.6 MPH)
Batting: RHB Jessie Himes 0-0: Ball
1-0: Called Strike
1-1: Called Strike
1-2: SINGLE (Line Drive, 7LM, EV 108.1 MPH)
Pitching: RHP J.R. Naples
Batting: RHB Cristian Osborne 0-0: Called Strike
0-1: Called Strike
0-2: Grounds into double play, 4-6-3 (Groundball, 4, EV 103.8 MPH)
Bottom of the 8th over - 0 runs, 1 hit, 0 errors, 0 left on base; Allentown 5 - Fort Wayne 4
TOP OF THE 9TH
Allentown A's batting - Pitching for Fort Wayne Herons : RHP Jonathon Wideman
Pitching: RHP Dante Adams
Batting: RHB Logan Barbee 0-0: Foul Ball, location: 2F
0-1: Foul Ball, location: 2F
0-2: Foul Ball, location: 2F
0-2: Strikes out swinging
Batting: SHB Gage Wilson 0-0: Called Strike
0-1: Ball
1-1: Ball
2-1: Foul Ball, location: 2F
2-2: Strikes out looking
Batting: RHB John Jones 0-0: SINGLE (Groundball, 6M, EV 101.9 MPH) (infield hit)
Batting: LHB Spencer Murdock 0-0: Called Strike
0-1: Swinging Strike
0-2: Ball
1-2: Ball
2-2: Strikes out swinging
Top of the 9th over - 0 runs, 1 hit, 0 errors, 1 left on base; Allentown 5 - Fort Wayne 4
BOTTOM OF THE 9TH
Fort Wayne Herons batting - Pitching for Allentown A's : RHP J.R. Naples
Batting: SHB James Little 0-0: Called Strike
0-1: Ball
1-1: Called Strike
1-2: Strikes out swinging
Batting: RHB Shayne Hall 0-0: Ball
1-0: Called Strike
1-1: Ball
2-1: Foul Ball, location: 2F
2-2: Foul Ball, location: 2F
2-2: Strikes out swinging
Batting: LHB R.J. Paolini 0-0: Ball
1-0: Called Strike
1-1: Ball
2-1: Ball
3-1: Called Strike
3-2: Base on Balls
Batting: RHB Johnny Jackson 0-0: Ball
1-0: Swinging Strike
1-1: Ground out 4-3 (Groundball, 34, EV 89.4 MPH)
Bottom of the 9th over - 0 runs, 0 hits, 0 errors, 1 left on base; Allentown 5 - Fort Wayne 4
Monday, April 29th , 2024 - OOTP Baseball 23.10 Build 110